 Dungeon Crawl Stone Soup version 0.27-a0-577-ge2a43ba0c9 (webtiles) character file.

Game seed: 16732449524707356390

5460 porpoise the Basher (level 10, -1/129 HPs)
             Began as a Minotaur Wanderer on Mar 10, 2021.
             Slain by an orc warrior
             ... wielding a +0 trident
              (6 damage)
             ... on level 9 of the Dungeon.
             The game lasted 00:31:27 (11108 turns).

porpoise the Basher (Minotaur Wanderer)            Turns: 11108, Time: 00:31:27

Health: -1/129     AC: 16    Str: 18    XL:     10   Next: 41%
Magic:  9/9        EV:  7    Int: 11    God:
Gold:   498        SH: 10    Dex: 10    Spells: 8/9 levels left

rFire    + . .     SeeInvis +   a - +2 flail (drain)
rCold    . . .     Faith    .   r - +1 buckler
rNeg     . . .     Spirit   .   F - +2 plate armour {rF+}
rPois    .         Reflect  +   (helmet restricted)
rElec    .         Harm     .   (no cloak)
rCorr    .         Rampage  .   k - +0 pair of gloves
Will     .....                  (no boots)
Stlth    ..........             e - amulet of reflection
HPRegen  0.31/turn              o - ring of see invisible
MPRegen  0.11/turn              (no ring)

@: berserking, very quick
A: horns 2, retaliatory headbutt
a: no special abilities


You were on level 9 of the Dungeon.
You visited 2 branches of the dungeon, and saw 10 of its levels.

You collected 498 gold pieces.

Inventory:

Hand Weapons
 a - a +2 flail of draining (weapon)
 b - a +4 hunting sling
 p - a +0 morningstar
 w - a +1 flail of holy wrath
Missiles
 h - 368 stones
 j - 126 bolts
 m - 26 poisoned darts
 x - 5 boomerangs
 H - 22 sling bullets
Armour
 k - a +0 pair of gloves (worn)
 q - a +2 kite shield
 r - a +1 buckler (worn)
 s - a +0 chain mail
 D - a scarf of shadows
 F - a +2 plate armour of fire resistance (worn)
Jewellery
 e - an amulet of reflection (around neck)
 o - a ring of see invisible (left hand)
Wands
 y - a wand of charming (14)
 C - a wand of polymorph (15)
 E - a wand of acid (6)
 G - a wand of paralysis (19)
Scrolls
 c - 8 scrolls of teleportation
 d - 4 scrolls of identify
 i - 2 scrolls of enchant armour
 u - a scroll of magic mapping
 v - a scroll of blinking
 z - a scroll of amnesia {unknown}
 I - a scroll of fear
Potions
 f - a potion of curing
 g - 2 potions of haste
 l - a potion of might
 n - 2 potions of magic
 t - a potion of berserk rage
 A - 3 potions of mutation
 B - 2 potions of attraction


   Skills:
 - Level 7.0 Fighting
 + Level 13.1 Maces & Flails
 - Level 1.2(8.7) Staves
 - Level 1.0 Throwing
 - Level 7.0 Armour
 - Level 5.0 Dodging
 - Level 1.0 Stealth
 + Level 4.4 Shields
 - Level 2.1 Air Magic
 - Level 3.0 Evocations


You had 8 spell levels left.
You knew the following spells:

 Your Spells              Type           Power      Damage    Failure   Level
a - Shock                 Conj/Air       8%         1d3       100%        1

Your spell library contained the following spells:

 Spells                   Type           Power      Damage    Failure   Level
 Swiftness                Air            4%         N/A       99%         2
 Static Discharge         Conj/Air       2%         N/A       100%        3
 Airstrike                Air            2%         N/A       100%        4
 Lightning Bolt           Conj/Air       1%         1d12      100%        5


Dungeon Overview and Level Annotations

Branches:
Dungeon (9/15)             Temple (1/1) D:5
   Lair: D:8-11         Orc: D:9-12

Altars:
Ashenzari
Cheibriados
Dithmenos
Elyvilon
Fedhas
Gozag
Hepliaklqana
Kikubaaqudgha
Makhleb
Nemelex Xobeh
Okawaru
Qazlal
Ru
Sif Muna
Trog
Uskayaw
Vehumet
Wu Jian
Xom
Yredelemnul
Zin
The Shining One
Jiyva

Annotations:
D:9 2 transporters


Innate Abilities, Weirdness & Mutations

You have a pair of horns on your head.
You reflexively headbutt those who attack you in melee.


Message History

You closely miss the orc wizard.
The orc wizard is heavily wounded.
The orc wizard casts a spell at you.
You are confused.
You hit the orc wizard. You drain the orc wizard.
The orc wizard is almost dead.
You miss the orc wizard.
The orc wizard is almost dead.
The orc warrior hits you but does no damage.
The orc wizard gestures at itself while chanting.
The orc wizard flickers and vanishes for a moment.
You sock the orc wizard!
You kill the orc wizard!
The orc warrior hits you but does no damage.
You bump into the rock wall.
The orc hits you but does no damage.
The orc warrior hits you but does no damage.
You bump into the rock wall.
The orc hits you but does no damage. The orc warrior barely misses you.
You closely miss the orc. You headbutt the orc, but do no damage.
The orc hits you but does no damage.
You bump into the rock wall.
The orc warrior hits you from afar with a +0 trident!
* * * LOW HITPOINT WARNING * * *
The orc barely misses you.
You feel less confused.
You feel better. You block the orc warrior's attack.
You closely miss the orc warrior.
The orc warrior hits you with a +0 trident!
* * * LOW HITPOINT WARNING * * *
You sock the orc warrior!
The orc warrior is moderately wounded.
Your plate armour prevents you from hitting the orc warrior.
The orc warrior is moderately wounded.
The orc warrior hits you with a +0 trident!
* * * LOW HITPOINT WARNING * * *
A red film seems to cover your vision as you go berserk!
You feel yourself moving faster!
You feel mighty!
The orc warrior hits you with a +0 trident.
You die...

##..##
#...##J###.##.......#...
####
#....#######........#...
##..##..©..........##..#
#######.##....##..##..#
#.....#####.......
#.##### #........
########.# #...##..#
.......#.# #...#####
.......#@# ##......#
.....oZ#o# ##......#
....o..Zo# #........
....#.)### #........ .
#.. #........ ....
######### #####


You could see an orc warrior, an orc and a bullfrog skeleton.

Vanquished Creatures
  A two-headed ogre (D:9)
  A troll (D:9)
  Menkaure (D:5)
  A water moccasin (D:5)
  An ice beast (D:7)
  A sky beast (D:7)
  3 orc warriors (D:9)
  4 ogres
  7 centaurs
  A bullfrog (D:8)
  A gnoll sergeant (D:5)
  2 scorpions
  6 killer bees (D:9)
  17 wights
  4 howler monkeys
  A centaur zombie (D:5)
  6 hounds
  A bullfrog zombie (D:8)
  A bullfrog skeleton (D:8)
  3 jellies
  9 orc priests
  2 iguanas (D:5)
  3 centaur skeletons
  12 orc wizards
  7 worker ants
  Natasha (D:2)
  2 hound skeletons
  A mummy (D:9)
  A howler monkey zombie (D:9)
  10 gnolls (D:5)
  14 adders
  A shadow imp (D:9)
  4 white imps
  An ufetubus (D:9)
  A worm (D:6)
  4 dart slugs
  8 leopard geckos
  34 orcs
  9 bats
  4 giant cockroaches
  5 goblins
  6 hobgoblins
  14 jackals
  4 quokkas
  4 frilled lizards
  4 kobolds
  2 leopard gecko zombies (D:6)
  A quokka skeleton (D:4)
  A quokka zombie (D:5)
  10 rats
242 creatures vanquished.

Notes
Turn   | Place    | Note
-------+----------+-------------------------------------------
     0 | D:1      | porpoise the Minotaur Wanderer began the quest for the Orb.
     0 | D:1      | porpoise set off with the following items: a +0
                  | quarterstaff, a scroll of teleportation, a +0 robe; and the
                  | following spell memorised: Shock; and the following spells
                  | available to memorise: Swiftness, Static Discharge,
                  | Airstrike, Lightning Bolt
     0 | D:1      | Reached XP level 1. HP: 18/18 MP: 0/0
    87 | D:1      | Reached skill level 1 in Maces & Flails
   242 | D:1      | Reached XP level 2. HP: 25/26 MP: 1/1
   635 | D:1      | Reached skill level 2 in Maces & Flails
   753 | D:1      | Reached XP level 3. HP: 31/31 MP: 2/2
  1341 | D:2      | Reached skill level 3 in Maces & Flails
  1341 | D:2      | Reached XP level 4. HP: 25/40 MP: 3/3
  1739 | D:2      | Noticed Natasha
  1746 | D:2      | Killed Natasha
  2431 | D:3      | Reached skill level 4 in Maces & Flails
  2431 | D:3      | Reached XP level 5. HP: 25/47 MP: 4/4
  2449 | D:3      | Reached skill level 5 in Fighting
  3568 | D:4      | Reached skill level 5 in Maces & Flails
  3568 | D:4      | Reached XP level 6. HP: 54/57 MP: 5/5
  4276 | D:5      | Entered Level 5 of the Dungeon
  4447 | D:5      | Reached skill level 6 in Maces & Flails
  4475 | D:5      | Reached XP level 7. HP: 40/64 MP: 6/6
  4557 | D:5      | Noticed Menkaure
  4824 | D:5      | Reached skill level 1 in Armour
  4947 | D:5      | Killed Menkaure
  4948 | D:5      | Reached skill level 7 in Maces & Flails
  5362 | D:5      | Reached XP level 8. HP: 24/73 MP: 7/7
  5815 | D:5      | Reached skill level 8 in Maces & Flails
  5953 | D:5      | Found a staircase to the Ecumenical Temple.
  6174 | D:6      | Reached skill level 5 in Armour
  6519 | D:6      | Reached skill level 9 in Maces & Flails
  6747 | Temple   | Entered the Ecumenical Temple
  7448 | D:6      | Found a sacrificial altar of Ru.
  7866 | D:6      | Reached skill level 10 in Maces & Flails
  7943 | D:7      | Reached XP level 9. HP: 76/77 MP: 8/8
  7970 | D:7      | Reached skill level 1 in Shields
  8711 | D:7      | Reached skill level 11 in Maces & Flails
  9317 | D:8      | Reached skill level 12 in Maces & Flails
 10008 | D:9      | Noticed a two-headed ogre
 10018 | D:9      | Killed a two-headed ogre
 10019 | D:9      | Reached XP level 10. HP: 51/86 MP: 9/9
 10388 | D:9      | Found a snail-covered altar of Cheibriados.
 10525 | D:9      | Found a transporter.
 10538 | D:9      | Found a broken altar of Ashenzari.
 10556 | D:9      | Found a transporter.
 10557 | D:9      | Noticed a great orb of eyes
 10613 | D:9      | Reached skill level 5 in Dodging
 10614 | D:9      | Reached skill level 13 in Maces & Flails
 10722 | D:9      | Found a viscous altar of Jiyva.
 10846 | D:9      | Found an iron altar of Okawaru.
 10849 | D:9      | Found a blossoming altar of Fedhas.
 10938 | D:9      | Found a glowing golden altar of the Shining One.
 10940 | D:9      | Found a hazy altar of Hepliaklqana.
 11107 | D:9      | HP: 3/86 [orc warrior/+0 trident (11)]
 11108 | D:9      | Slain by an orc warrior

Illustrated notes

Levels and vault maps discovered:
D:1:      minmay_arrival_doors, layout_basic, grunt_decor_cap
D:2:      layout_basic, uniq_natasha
D:3:      layout_loops_ring, minivault_5
D:4:      layout_cave_pools
D:5:      layout_cave_pools, minmay_temple_entry_from_below_b, uniq_menkaure
D:6:      layout_basic, nicolae_ru_path_of_blood
D:7:      layout_loops_cross, minmay_misc_feat_alley, minmay_fountain_box
D:8:      layout_basic, palyth_stone_intersect
D:9:      gammafunk_jiyva_shrine, layout_gridville, slow_altar_1,
          ashenzari_altar_1, nicolae_overflow_hidden_temple, erik_orc_1
Temple:   regret_index_temple_generic_petals

Skill      XL: |  1  2  3  4  5  6  7  8  9 10 |
---------------+-------------------------------+-----
Maces & Flails | 1 2 3 4 5 6 7 10 12 13 | 13.1
Fighting       | 3 4 5 6 7 |  7.0
Armour         | 4 7 |  7.0
Shields        | 4 |  4.4
Dodging        | 3 5 |  5.0
Evocations     | 2 3 |  3.0
Staves         | |  1.2
Throwing       | |  1.0
Stealth        | |  1.0
Air Magic      | |  2.1

Action                   |  1- 3 |  4- 6 |  7- 9 | 10-12 || total
-------------------------+-------+-------+-------+-------++-------
Melee: Quarterstaff      |    70 |    50 |       |       ||   120
       Headbutt          |     3 |    10 |    38 |    11 ||    62
       Flail             |       |    57 |   288 |    94 ||   439
 Fire: Hunting sling     |    13 |    77 |   160 |    48 ||   298
 Cast: Shock             |       |     1 |       |       ||     1
  Use: Scroll            |       |     4 |    11 |       ||    15
       Potion            |       |       |       |     2 ||     2
 Stab: Sleeping          |     1 |       |       |       ||     1
Armor: Robe              |     7 |       |       |       ||     7
       Leather armour    |     8 |    24 |       |       ||    32
       Ring mail         |       |    12 |     6 |       ||    18
       Chain mail        |       |       |   114 |    17 ||   131
       Scale mail        |       |       |     6 |       ||     6
       Plate armour      |       |       |       |    22 ||    22
Dodge: Dodged            |    47 |    70 |    86 |    22 ||   225
Block: Buckler           |       |     7 |    69 |    57 ||   133
       Reflection        |       |       |     7 |     3 ||    10

Table legend: (Time is in decaauts)
 A = Elapsed time spent in this place.
 B = Non-inter-level travel time spent in this place.
 C = Inter-level travel time spent in this place.
 D = Time resting spent in this place.
 E = Time spent auto-exploring this place.
 F = Levels seen in this place.
 G = Mean time per level.
                   A        B        C        D        E       F      G
               +--------+--------+--------+--------+--------+-----+--------+
         Total |  11093 |  10703 |    390 |   3370 |   5155 |  10 | 1109.3 |
       Dungeon |  10830 |  10477 |    353 |   3370 |   4929 |   9 | 1203.3 |
        Temple |    263 |    226 |     37 |      0 |    226 |   1 |  263.0 |
               +--------+--------+--------+--------+--------+-----+--------+

Top non-repeatable levels by time:
     D:5: 1773 daAuts
     D:6: 1310 daAuts
     D:4: 1208 daAuts
     D:7: 1194 daAuts
     D:1: 1161 daAuts
     D:9: 1128 daAuts
     D:3: 1113 daAuts
     D:2: 1014 daAuts
     D:8: 926 daAuts
  Temple: 263 daAuts
